 Dungeon Crawl Stone Soup version 0.21.1-1-g345015f (webtiles) character file.

464 kae the Insei (level 6, 0/51 HPs)
             Began as a Draconian Transmuter on May 15, 2018.
             Slain by a white imp (3 damage)
             ... summoned by Eustachio
             ... on level 4 of the Dungeon.
             The game lasted 00:04:43 (4847 turns).

kae the Insei (Draconian Transmuter)                Turns: 4847, Time: 00:04:44

Health: 0/51       AC:  6    Str: 12      XL:     6   Next: 80%
Magic:  10/10      EV: 12    Int: 18      God:
Gold:   222        SH:  0    Dex: 10 (14) Spells: 5/11 levels left

rFire    . . .     SeeInvis .     - Unarmed
rCold    . . .     Gourm    .   (no shield)
rNeg     . . .     Faith    .   (armour unavailable)
rPois    .         Spirit   .   (helmet restricted)
rElec    .         Reflect  .   (no cloak)
rCorr    .         Harm     .   (no gloves)
MR       .....                  (no boots)
Stlth    +.........             (no amulet)
HPRegen  0.17/turn              (no ring)
MPRegen  0.12/turn              (no ring)

@: brilliant, about to teleport
A: unfitting armour, cold-blooded, AC +6
a: no special abilities


You were on level 4 of the Dungeon.
You were not hungry.

You visited 1 branch of the dungeon, and saw 4 of its levels.

You collected 222 gold pieces.

Inventory:

Missiles
 a - 39 arrows
Wands
 e - a wand of flame (22)
 r - a wand of disintegration (11)
Scrolls
 h - 2 scrolls of fog
 i - a scroll of teleportation
 k - 3 scrolls of amnesia
 n - 3 scrolls of remove curse
 u - a scroll of identify
Potions
 g - a potion of mutation
 j - a potion of agility
 l - a potion of curing
 m - 2 potions of resistance
 o - a potion of magic
 p - a potion of might
Books
 b - a book of Changes

   Spells                             Type                      Level
   a - Beastly Appendage              Transmutation                1
   b - Sticks to Snakes               Transmutation                2
   c - Spider Form                    Transmutation/Poison         3
   d - Ice Form                       Ice/Transmutation            4
   e - Blade Hands                    Transmutation                5
 f - a book of Misfortune

   Spells                             Type                      Level
   a - Confusing Touch                Hexes                        1
   b - Confuse                        Hexes                        3
   c - Gell's Gravitas                Translocation                3
   d - Petrify                        Transmutation/Earth          4
   e - Metabolic Englaciation         Hexes/Ice                    5
   f - Yara's Violent Unravelling     Hexes/Transmutation          5
Comestibles
 c - 6 rations
 d - a chunk of flesh


   Skills:
 + Level 3.2 Fighting
 - Level 1.7 Dodging
 * Level 5.1 Unarmed Combat
 + Level 3.2 Spellcasting
 * Level 4.4 Transmutations


You had 5 spell levels left.
You knew the following spells:

 Your Spells              Type           Power        Failure   Level  Hunger
a - Beastly Appendage     Tmut           ####..       1%          1    None
b - Sticks to Snakes      Tmut           ####....     1%          2    ##.....
c - Spider Form           Tmut/Pois      ###.......   2%          3    ###....


Dungeon Overview and Level Annotations

Branches:
Dungeon (4/15)
 Temple: D:4-7

Altars:
Dithmenos
Fedhas

Annotations:
D:4 Eustachio


Innate Abilities, Weirdness & Mutations

Your plain brown scales are hard. (AC +6)
You cannot fit into any form of body armour.
You are cold-blooded and may be slowed by cold attacks.


Message History

The quasit closely misses you. x2
The quasit claws you but does no damage.
The quokka bites you but does no damage.
Okay, then.
Unknown command.
As you read the scroll of fear, it crumbles to dust.
You assume a fearsome visage.
Eustachio looks frightened!
The quasit is unaffected.
The quokka looks frightened! x2
The bat looks frightened!
The white imp is unaffected.
The shadow imp is unaffected.
Eustachio looks more healthy.
The quasit disappears in a puff of smoke!
The white imp misses you.
Eustachio mumbles some strange words.
Eustachio blinks!
The shadow imp shouts, "Disclaim thyself, thou ducking roguish lout!"
As you read the scroll of teleportation, it crumbles to dust.
You feel strangely unstable. The white imp hits you.
* * * LOW HITPOINT WARNING * * *
The white imp freezes you.
You die...

.......# #.#
.......# #.#
.......# #.#
.......# #.#
.......######.#
.......รท......#
.......############
.......+.b....r..r#
.......##..## #@#
............# #5#
#######.....# #5#
........<...# #.#
#########...# #.#
............# #.#
..)#####....# #.#
...# #....# #.#
...# #....####.#


You could see a white imp, a shadow imp, 2 quokkas and a bat (fleeing).

Vanquished Creatures
  Edmund (D:4)
  A centaur (D:3)
  A hound (D:4)
  Jessica (D:2)
  A worker ant (D:4)
  Robin (D:2)
  A howler monkey skeleton (D:4)
  3 adders
  4 gnolls
  3 worms
  A dart slug (D:1)
  3 leopard geckos
  5 orcs
  5 bats
  4 giant cockroaches
  13 goblins
  12 hobgoblins
  9 jackals
  A quokka (D:2)
  2 ball pythons
  2 frilled lizards (D:1)
  7 kobolds
  3 rats
84 creatures vanquished.

Notes
Turn   | Place    | Note
-------+----------+-------------------------------------------
     0 | D:1      | kae the Draconian Transmuter began the quest for the Orb.
     0 | D:1      | Reached XP level 1. HP: 16/16 MP: 3/3
   257 | D:1      | Reached XP level 2. HP: 23/23 MP: 3/5
  1325 | D:1      | Reached XP level 3. HP: 28/28 MP: 4/6
  1791 | D:1      | Reached XP level 4. HP: 17/36 MP: 7/7
  2285 | D:2      | Noticed Jessica
  2596 | D:2      | Killed Jessica
  2596 | D:2      | Reached skill level 4 in Unarmed Combat
  2643 | D:2      | Reached XP level 5. HP: 33/41 MP: 7/9
  2656 | D:2      | Noticed Robin
  2863 | D:2      | Killed Robin
  3112 | D:2      | Learned a level 2 spell: Sticks to Snakes
  3116 | D:2      | Learned a level 3 spell: Spider Form
  3143 | D:2      | Found a blossoming altar of Fedhas.
  3555 | D:3      | Noticed a centaur
  3627 | D:3      | Killed a centaur
  3850 | D:3      | Found a shadowy altar of Dithmenos.
  4163 | D:4      | Reached XP level 6. HP: 41/50 MP: 10/10
  4389 | D:4      | Noticed Edmund
  4416 | D:4      | Killed Edmund
  4416 | D:4      | Reached skill level 5 in Unarmed Combat
  4824 | D:4      | Noticed Eustachio
  4847 | D:4      | Slain by a white imp

Skill      XL: |  1  2  3  4  5  6 |
---------------+-------------------+-----
Transmutations | 3 4 |  4.4
Fighting       | 2 3 |  3.2
Unarmed Combat | 4 5 |  5.1
Spellcasting   | 3 |  3.2
Dodging        | |  1.7

Action                   |  1- 3 |  4- 6 || total
-------------------------+-------+-------++-------
Melee: Unarmed           |   140 |   253 ||   393
       Kick              |     5 |     6 ||    11
       Tailslap          |    14 |    27 ||    41
       Headbutt          |     4 |    11 ||    15
       Punch             |       |     3 ||     3
 Cast: Beastly Appendage |     8 |    12 ||    20
       Spider Form       |       |     5 ||     5
  Use: Potion            |     1 |     4 ||     5
       Scroll            |       |    14 ||    14
  Eat: Chunk             |     3 |    11 ||    14
Armor: Skin              |    36 |    83 ||   119
Dodge: Dodged            |    91 |   185 ||   276
